cohdb
Replays
Latest Replays
All Replays
Popular Replays
Top Player Replays
Match Explorer
How It Works
Community
CoH3 Stats
Reddit
Sign in to upload your games and track your stats! →
Sign in with Steam
Match 41404128
Unlisted
Match 41404128
Overview
Messages
Build Orders
End
Royal Engineer Section
Selects Canadian Shock Battlegroup
Royal Engineer Section
Construct Section Command Post
Infantry Section
Infantry Section
Selects Attacking Spirit
Selects Canadian Shock Section
Canadian Shock Section
Construct Platoon Command Post
Selects Incendiary Munitions
Construct Field Infirmary
Humber Armored Car
Vickers Machine Gun Team
Canadian Shock Section
6-pounder Anti-tank Gun Team
Construct Company Command Post
Selects Pyrotechnics
Crusader II Medium Tank
Selects Smoke Operation
Crusader II Medium Tank
Infantry Training
Armored Vehicle Training
Smoke Operation
Foot Guards Section
Selects Churchill Crocodile Heavy Tank
Churchill Crocodile Heavy Tank
Canadian Shock Section
6-pounder Anti-tank Gun Team
Smoke Operation
Unlock Towed 17-pounder Anti-tank Guns
Smoke Operation
Sarmynation
Foxxo
0
0
Comments
sign in to comment!
No comments posted yet!